 Dungeon Crawl Stone Soup version 0.26-a0-663-g36e8fdb655 (webtiles) character file.

Game seed: 15519485547858404273

16523 Drevant2 the Cruncher (level 12, -18/121 HPs)
             Began as a Demonspawn Brigand on Oct 10, 2020.
             Was a High Priest of Makhleb.
             Demolished by an orc knight
             ... wielding a +0 long sword
              (29 damage)
             ... on level 2 of the Orcish Mines.
             The game lasted 00:46:13 (16777 turns).

Drevant2 the Cruncher (Demonspawn Brigand)         Turns: 16777, Time: 00:46:13

Health: -18/121    AC: 14    Str: 16    XL:     12   Next: 10%
Magic:  17/17      EV:  9    Int: 13    God:    Makhleb [*****.]
Gold:   862        SH:  0    Dex: 18    Spells: 11/11 levels left

rFire    + . .     SeeInvis .   p - +4 quarterstaff (chaos)
rCold    + . .     Faith    .   (shield currently unavailable)
rNeg     . . .     Spirit   .   M - +1 chain mail {rC+}
rPois    .         Reflect  .   (no helmet)
rElec    .         Harm     .   R - +1 cloak
rCorr    +         Rampage  .   G - +0 pair of gloves {Str+3}
MR       +....                  (boots unavailable)
Stlth    ..........             (no amulet)
HPRegen  4.30/turn              q - ring of protection from magic
MPRegen  0.15/turn              S - ring of resist corrosion

@: berserking (expiring), very quick
A: hooves 3, fire resistance 1, powered by death 2, sturdy frame 1
a: Minor Destruction, Lesser Servant of Makhleb, Major Destruction, Greater
Servant of Makhleb, Renounce Religion


You were on level 2 of the Orcish Mines.
You worshipped Makhleb.
Makhleb was extremely pleased with you.
You visited 3 branches of the dungeon, and saw 16 of its levels.
You also visited: Sewer.

You collected 862 gold pieces.

Inventory:

Hand Weapons
 a - a +2 dagger
 p - a +4 quarterstaff of chaos (weapon)
Missiles
 d - 83 poisoned darts (quivered)
Armour
 b - a +0 robe
 c - a +0 cloak
 i - a +0 pair of boots
 o - a +0 cloak
 G - a +0 pair of gloves of strength (worn)
 M - a +1 chain mail of cold resistance (worn)
 R - a +1 cloak (worn)
 U - a +0 troll leather armour
Jewellery
 q - a ring of protection from magic (left hand)
 v - an uncursed ring of wizardry
 L - an uncursed ring of magical power
 S - a ring of resist corrosion (right hand)
 T - an uncursed ring of protection from magic
 V - a +6 ring of dexterity {unknown}
Wands
 r - a wand of disintegration (9)
 z - a wand of flame (32)
 C - a wand of random effects (30)
 I - a wand of acid (9)
 J - a wand of iceblast (16)
 K - a wand of polymorph (23)
Scrolls
 e - 3 scrolls of amnesia
 g - 4 scrolls of magic mapping
 k - 12 scrolls of remove curse {unknown}
 n - 4 scrolls of random uselessness
 x - 8 scrolls of identify
 y - 3 scrolls of immolation
 D - 2 scrolls of enchant weapon
 E - a scroll of torment
 Q - a scroll of enchant armour
Potions
 f - 3 potions of stabbing
 h - a potion of resistance
 l - a potion of degeneration
 m - 5 potions of flight
 s - 8 potions of curing
 t - a potion of might
 u - 2 potions of brilliance
 w - a potion of mutation {unknown}
 B - a potion of berserk rage
 F - 4 potions of lignification {unknown}
 N - 2 potions of cancellation {unknown}
 P - 2 potions of magic {unknown}


   Skills:
 - Level 3.3 Fighting
 - Level 3.9 Short Blades
 * Level 13.1 Staves
 - Level 7.6 Throwing
 + Level 6.4 Armour
 - Level 1.4 Dodging
 - Level 3.7 Stealth
 + Level 7.9 Invocations


You had 11 spell levels left.
You didn't know any spells.
Your spell library contained the following spells:

 Spells                   Type           Power        Failure   Level
 Sandblast                Erth           #.....       91%         1
 Summon Small Mammal      Summ           #...         91%         1
 Call Imp                 Summ           #.......     97%         2
 Passwall                 Tmut/Erth      #.......     97%         2
 Call Canine Familiar     Summ           #.......     100%        3
 Confusing Touch          Hex            #.......     100%        3
 Stone Arrow              Conj/Erth      #.....       100%        3
 Summon Guardian Golem    Hex/Summ       #.......     100%        3
 Leda's Liquefaction      Hex/Erth       #.........   100%        4
 Petrify                  Tmut/Erth      #.......     100%        4
 Summon Ice Beast         Ice/Summ       #.......     100%        4
 Summon Lightning Spire   Summ/Air       #.......     100%        4
 Lee's Rapid Deconstruct  Erth           #.........   100%        5
 Metabolic Englaciation   Hex/Ice        #.........   100%        5
 Yara's Violent Unravell  Hex/Tmut       #.........   100%        5


Dungeon Overview and Level Annotations

Branches:
Dungeon (13/15)            Temple (1/1) D:4             Orc (1/2) D:11
  Sewer (visited)
   Lair: D:8-11      Vaults: D:13-14

Altars:
Ashenzari
Cheibriados
Dithmenos
Elyvilon
Fedhas
Gozag
Hepliaklqana
Kikubaaqudgha
Makhleb
Nemelex Xobeh
Okawaru
Qazlal
Ru
Sif Muna
Trog
Uskayaw
Vehumet
Wu Jian
Xom
Yredelemnul
Zin

Shops:
D:5 :   Orc:2 (

Annotations:
D:13 Nessos
Abyss:1 Sigmund


Innate Abilities, Weirdness & Mutations

You have hooves in place of feet.
Your flesh is heat resistant. (rF+)
You regenerate health from kills.
Your movements are slightly less encumbered by armour. (ER -2)


Message History

You sock the orc warrior! You kick the orc warrior.
The orc warrior is severely wounded.
The orc knight roars a battlecry!
The orcs go into a battle-frenzy!
An orc comes into view. It is wielding a +0 club.
You closely miss the orc warrior.
The orc warrior is severely wounded.
An ogre comes into view. It is wielding a +0 giant club.
The orc warlord hits you with a +0 war axe!
* * * LOW HITPOINT WARNING * * *
You miss the orc warrior.
The orc warrior is severely wounded.
The orc warrior hits you with a +0 flail!
* * * LOW HITPOINT WARNING * * *
You sock the orc warrior! You freeze the orc warrior.
You kill the orc warrior!
Makhleb accepts your kill.
You feel better.
The orc knight hits you with a +0 long sword!!
You die...

#########
##..#.#..##
##..$§.....#
##.#o§.....###.
#..)#.§.§......
#.)@ooo§§......
##o##o4§.......
#.#o43o.......
....P§§....o.o.
..P..P.....o.o.
P.o..T.P..O.o...
............##...
.P.....o......
... .o∩...P.....
..


You could see an orc warlord (strong, drained), 2 orc knights, a soul eater
(summoned), 2 orc sorcerers, a red devil (summoned), an ogre and 3 orcs.

Vanquished Creatures
  2 two-headed ogres
  Urug (D:13)
  Nergalle (D:10)
  Pikel (D:6)
  A phantasmal warrior (D:12)
  An orc sorcerer (Orc:2)
  A centaur zombie (D:12)
  Maggie (D:6)
  A centaur skeleton (D:12)
  Psyche (D:8)
  A tengu conjurer (D:13)
  4 trolls
  Eustachio (D:6)
  3 wyverns
  A spriggan (shapeshifter) (D:13)
  2 wraiths (D:11)
  16 yaks
  12 humans (D:13)
  Edmund (D:6)
  A warg (Orc:2)
  An ice beast (D:12)
  6 orc warriors
  An eye of draining (D:9)
  5 ogres
  2 sky beasts (D:8)
  A phantom (D:12)
  8 centaurs
  3 lemures (D:6)
  3 big kobolds
  Blork the orc (D:5)
  5 bullfrogs
  A gnoll sergeant (D:7)
  2 wyvern zombies
  A wyvern skeleton (D:8)
  A water moccasin skeleton (D:10)
  2 scorpions
  5 wights (D:6)
  4 howler monkeys
  Crazy Yiuf (D:2)
  A bullfrog zombie (D:8)
  3 hounds
  14 orc wizards
  8 orc priests
  4 bullfrog skeletons
  Jessica (D:3)
  2 iguanas
  5 worker ants
  A killer bee zombie (D:6)
  2 worker ant zombies
  8 gnolls
  A howler monkey skeleton (D:8)
  19 adders
  4 river rats (Sewer)
  5 shadow imps
  4 white imps
  An ufetubus (D:8)
  An adder skeleton (D:9)
  5 worms
  2 dart slugs
  10 leopard geckos
  54 orcs
  3 ball pythons (Sewer)
  13 giant cockroaches
  12 goblins
  17 hobgoblins
  14 jackals
  28 kobolds
  4 quokkas
  6 bats
  9 frilled lizards
  A giant cockroach zombie (D:5)
  3 jackal zombies
  A leopard gecko skeleton (D:4)
  33 rats
405 creatures vanquished.

Vanquished Creatures (others)
  An orc (D:3)
  A hobgoblin (D:6)
  2 fungi (Orc:2)
  57 plants
61 creatures vanquished.

Grand Total: 466 creatures vanquished

Notes
Turn   | Place    | Note
-------+----------+-------------------------------------------
     0 | D:1      | Drevant2 the Demonspawn Brigand began the quest for the
                  | Orb.
     0 | D:1      | Reached XP level 1. HP: 16/16 MP: 1/1
   266 | D:1      | Gained mutation: You regenerate a little health from kills.
                  | [demonic ancestry]
   266 | D:1      | Reached XP level 2. HP: 22/22 MP: 2/2
   468 | D:1      | Reached XP level 3. HP: 27/28 MP: 3/3
  1332 | D:2      | Gained mutation: Your movements are slightly less
                  | encumbered by armour. (ER -2) [demonic ancestry]
  1332 | D:2      | Reached XP level 4. HP: 16/34 MP: 4/4
  2245 | D:2      | Gained mutation: Your flesh is heat resistant. (rF+)
                  | [demonic ancestry]
  2245 | D:2      | Reached XP level 5. HP: 30/41 MP: 5/5
  2469 | D:2      | Found a sacrificial altar of Ru.
  3261 | D:2      | Found a runed translucent door.
  3262 | D:2      | Noticed Crazy Yiuf
  3274 | D:2      | Killed Crazy Yiuf
  3478 | D:3      | Noticed Jessica
  3483 | D:3      | Killed Jessica
  3488 | D:3      | Reached skill level 1 in Staves
  3561 | D:3      | Found a glowing drain.
  3575 | D:3      | Reached XP level 6. HP: 47/47 MP: 6/6
  3584 | Sewer    | Entered a sewer
  3637 | Sewer    | Reached skill level 2 in Staves
  4137 | Sewer    | Reached skill level 3 in Staves
  4757 | Sewer    | Gained mutation: You have large cloven feet. [demonic
                  | ancestry]
  4757 | Sewer    | Reached XP level 7. HP: 22/52 MP: 7/7
  5301 | D:3      | Found a shadowy altar of Dithmenos.
  5841 | D:4      | Found a staircase to the Ecumenical Temple.
  5919 | Temple   | Entered the Ecumenical Temple
  6101 | Temple   | Became a worshipper of Makhleb the Destroyer
  6150 | D:4      | Noticed Sigmund
  6213 | D:4      | Found an iron altar of Okawaru.
  6301 | D:4      | Banished Sigmund
  6301 | D:4      | Reached skill level 4 in Staves
  6452 | D:4      | Reached skill level 5 in Staves
  6717 | D:5      | Entered Level 5 of the Dungeon
  7069 | D:5      | Gained mutation: You have hoof-like feet. [demonic
                  | ancestry]
  7069 | D:5      | Reached XP level 8. HP: 58/58 MP: 8/8
  7131 | D:5      | Found Herchyj's Book Emporium.
  7156 | D:5      | Reached skill level 5 in Throwing
  7505 | D:5      | Noticed Blork the orc
  7514 | D:5      | Killed Blork the orc
  7702 | D:6      | Reached skill level 6 in Staves
  8076 | D:6      | Reached * piety under Makhleb
  8237 | D:6      | Noticed Pikel
  8282 | D:6      | Killed Pikel
  8282 | D:6      | Reached skill level 7 in Staves
  8485 | D:6      | Noticed Maggie
  8506 | D:6      | HP: 1/58 [something (6)]
  8510 | D:6      | Killed Maggie
  8510 | D:6      | Reached skill level 8 in Staves
  8510 | D:6      | Gained mutation: You regenerate health from kills. [demonic
                  | ancestry]
  8510 | D:6      | Reached XP level 9. HP: 60/64 MP: 9/9
  8761 | D:6      | Found an ornate altar of the Wu Jian Council.
  8775 | D:6      | Identified the Disquisition on Execration and Stones
  9027 | D:6      | Noticed Eustachio
  9070 | D:6      | Reached ** piety under Makhleb
  9355 | D:6      | Noticed Edmund
  9372 | D:6      | Killed Edmund
 10019 | D:6      | Killed Eustachio
 10051 | D:7      | Reached skill level 9 in Staves
 10720 | D:8      | Reached *** piety under Makhleb
 10762 | D:8      | Noticed Psyche
 10772 | D:8      | Killed Psyche
 10830 | D:8      | Reached XP level 10. HP: 70/70 MP: 10/10
 10861 | D:8      | Reached skill level 1 in Dodging
 10983 | D:8      | Reached skill level 10 in Staves
 11371 | D:9      | Found a blossoming altar of Fedhas.
 11514 | D:9      | Reached skill level 1 in Armour
 11593 | D:9      | Noticed a two-headed ogre
 11612 | D:9      | Killed a two-headed ogre
 11937 | D:9      | Reached skill level 11 in Staves
 12384 | D:10     | Entered Level 10 of the Dungeon
 12487 | D:10     | Reached skill level 1 in Invocations
 12646 | D:10     | Noticed Nergalle
 12829 | D:10     | Killed Nergalle
 13711 | D:11     | Reached **** piety under Makhleb
 13880 | D:11     | Found a staircase to the Orcish Mines.
 13946 | D:11     | Reached XP level 11. HP: 68/75 MP: 13/13
 15165 | D:12     | Noticed a phantasmal warrior
 15173 | D:12     | Killed a phantasmal warrior
 15281 | D:12     | Reached skill level 12 in Staves
 15281 | D:12     | Reached skill level 5 in Invocations
 15318 | D:12     | Reached ***** piety under Makhleb
 15339 | D:12     | Reached skill level 5 in Armour
 15366 | D:12     | Noticed a two-headed ogre
 15383 | D:12     | Killed a two-headed ogre
 15414 | D:12     | Noticed a death knight
 16148 | D:13     | Noticed a two-headed ogre
 16151 | D:13     | Noticed an ogre mage
 16198 | D:13     | Noticed a two-headed ogre
 16198 | D:13     | Noticed Urug
 16199 | D:13     | Noticed Nessos
 16340 | D:13     | HP: 3/75 [Urug/javelin (25)]
 16368 | D:13     | Killed Urug
 16577 | D:13     | Reached skill level 13 in Staves
 16606 | D:13     | Gained mutation: You have hooves in place of feet. [demonic
                  | ancestry]
 16606 | D:13     | Reached XP level 12. HP: 81/81 MP: 17/17
 16638 | D:13     | Noticed a centaur warrior
 16729 | Orc:1    | Entered Level 1 of the Orcish Mines
 16744 | Orc:1    | You fall into a shaft and drop 1 floor!
 16744 | Orc:2    | Entered Level 2 of the Orcish Mines
 16744 | Orc:2    | Found Ogir's Antique Weapon Boutique.
 16744 | Orc:2    | Noticed an orc warlord
 16776 | Orc:2    | HP: 4/121 [orc warrior/+0 flail (11)]
 16777 | Orc:2    | Demolished by an orc knight

Illustrated notes

Levels and vault maps discovered:
D:1:      dpeg_arrival_stonehenge_12_columns, layout_basic, minmay_heptomino_l4
D:2:      layout_loops_cross, nicolae_ru_sacrificial_ziggurat, st_stairs_5,
          uniq_crazy_yiuf_cottage
D:3:      layout_rooms, gup_sewer_entry_pipe,
          nicolae_dithmenos_through_a_glass_darkly, uniq_jessica
D:4:      layout_gridville, okawaru_metal_pillars_1_2,
          minmay_temple_entry_statues_fountains, serial_glass, glass_columns_a,
          glass_columns_a, uniq_sigmund
D:5:      layout_loops_ring, serial_shops, shop, chequers_serial_rivers_marsh,
          minmay_misc_feat_encased, uniq_blork_the_orc
D:6:      corexii_shantytown, layout_loops_ring, nicolae_overflow_crystal_walls,
          serial_bayou_lagoon_a, uniq_edmund, uniq_eustachio, uniq_maggie,
          uniq_pikel
D:7:      layout_basic, nicolae_overflow_hidden_temple
D:8:      layout_layer_cave, david_lair_shrubbed, uniq_psyche
D:9:      layout_roguey, fedhas_altar_2
D:10:     minmay_evil_eye, layout_basic, minivault_14, uniq_nergalle
D:11:     layout_layer_cave, david_orc_1_choice
D:12:     layout_loops_ring, kennysheep_doodads
D:13:     layout_big_octagon, david_vaults_3, gammafunk_ghost_grave
Temple:   regret_index_temple_mists
Orc:1:    layout_caves, portal_ice_cave_rime
Orc:2:    grunt_orc_gardens, layout_caves, grunt_orc_garden, grunt_orc_garden,
          grunt_orc_garden, grunt_orc_garden, serial_shops,
          nicolae_shop_temple_entry_statues_fountains,
          statue_in_the_mist_lemuel, kennysheep_orc_chapel

Skill      XL: |  1  2  3  4  5  6  7  8  9 10 11 |
---------------+----------------------------------+-----
Short Blades   | 2 3 |  3.9
Throwing       | 2 3 4 6 7 |  7.6
Fighting       | 3 |  3.3
Staves         | 1 3 5 8 9 11 13 | 13.1
Dodging        | 1 |  1.4
Armour         | 4 6 |  6.4
Invocations    | 3 7 |  7.9
Stealth        | |  3.7

Action                   |  1- 3 |  4- 6 |  7- 9 | 10-12 || total
-------------------------+-------+-------+-------+-------++-------
Melee: Dagger            |   131 |   164 |       |       ||   295
       Quarterstaff      |       |   150 |   436 |   595 ||  1181
       Kick              |       |       |       |    11 ||    11
Throw: Dart              |    12 |    10 |    38 |    50 ||   110
  Use: Scroll            |       |     7 |     7 |    12 ||    26
       Potion            |       |       |     2 |    10 ||    12
 Stab: Sleeping          |     4 |    10 |    13 |       ||    27
       Confused          |       |     1 |     1 |       ||     2
       Paralysed         |       |     1 |     4 |     1 ||     6
       Distracted        |       |       |     2 |       ||     2
       Petrifying        |       |       |     1 |     2 ||     3
       Petrified         |       |       |     2 |       ||     2
Armor: Robe              |    35 |    67 |    84 |     7 ||   193
       Chain mail        |       |       |       |   218 ||   218
Dodge: Dodged            |    70 |   183 |   196 |   190 ||   639

Table legend: (Time is in decaauts)
 A = Elapsed time spent in this place.
 B = Non-inter-level travel time spent in this place.
 C = Inter-level travel time spent in this place.
 D = Time resting spent in this place.
 E = Time spent auto-exploring this place.
 F = Levels seen in this place.
 G = Mean time per level.
                   A        B        C        D        E       F      G
               +--------+--------+--------+--------+--------+-----+--------+
         Total |  16647 |  15483 |   1164 |   4644 |   7749 |  17 |  979.2 |
       Dungeon |  14909 |  13790 |   1119 |   3722 |   7301 |  13 | 1146.8 |
        Temple |    253 |    209 |     44 |      0 |    205 |   1 |  253.0 |
  Orcish Mines |     36 |     36 |      0 |      0 |      5 |   2 |   18.0 |
         Sewer |   1447 |   1447 |      0 |    922 |    238 |   1 | 1447.0 |
               +--------+--------+--------+--------+--------+-----+--------+

Top non-repeatable levels by time:
     D:2: 2258 daAuts
     D:6: 2150 daAuts
    D:11: 1517 daAuts
   Sewer: 1447 daAuts
     D:9: 1250 daAuts
    D:10: 1225 daAuts
     D:5: 1161 daAuts
     D:1: 1131 daAuts
    D:12: 945 daAuts
     D:4: 866 daAuts
     D:3: 844 daAuts
     D:7: 637 daAuts
     D:8: 466 daAuts
    D:13: 454 daAuts
  Temple: 253 daAuts
